 Dungeon Crawl Stone Soup version 0.26-a0-663-g36e8fdb655 (webtiles) character file.

Game seed: 11199612522465032433

112 jiml777 the Grasshopper (level 4, 0/38 HPs)
             Began as a Gnoll Warper on Oct 11, 2020.
             Slain by a gnoll
             ... wielding a +0 whip
              (3 damage)
             ... on level 3 of the Dungeon.
             The game lasted 00:07:37 (3137 turns).

jiml777 the Grasshopper (Gnoll Warper)              Turns: 3137, Time: 00:07:38

Health: 0/38       AC:  4    Str: 14    XL:     4   Next: 95%
Magic:  11/11      EV: 14    Int: 16    God:
Gold:   51         SH:  0    Dex: 14    Spells: 11/13 levels left

rFire    . . .     SeeInvis .   a - +0 spear
rCold    + . .     Faith    .   (no shield)
rNeg     . . .     Spirit   .   k - +2 robe {rC+}
rPois    .         Reflect  .   (no helmet)
rElec    .         Harm     .   (no cloak)
rCorr    .         Rampage  .   (no gloves)
MR       .....                  (no boots)
Stlth    ++........             (no amulet)
HPRegen  0.12/turn              (no ring)
MPRegen  0.12/turn              (no ring)

@: no status effects
A: distributed training, fangs 1, strong nose
a: no special abilities


You were on level 3 of the Dungeon.
You visited 1 branch of the dungeon, and saw 3 of its levels.

You collected 51 gold pieces.

Inventory:

Hand Weapons
 a - a +0 spear (weapon)
Missiles
 e - 5 boomerangs of dispersal
 l - 30 sling bullets
 n - 19 arrows
 q - 19 bolts
 s - 13 poisoned darts (quivered)
Armour
 b - a +0 leather armour
 i - a +0 plate armour
 k - a +2 robe of cold resistance (worn)
 p - a +0 ring mail
Scrolls
 c - a scroll of fear {unknown}
 d - a scroll of blinking
 g - 2 scrolls of enchant weapon {unknown}
 h - a scroll of enchant armour {unknown}
 o - a scroll of identify {unknown}
 r - 2 scrolls of remove curse {unknown}
Potions
 f - a potion of curing {unknown}
 j - a potion of stabbing {unknown}
 m - a potion of degeneration {unknown}


   Skills:
 + Level 4.7 Fighting
 + Level 1.2 Short Blades
 + Level 1.2 Long Blades
 + Level 1.2 Axes
 + Level 1.2 Maces & Flails
 + Level 4.7 Polearms
 + Level 1.2 Staves
 + Level 1.2 Slings
 + Level 1.2 Bows
 + Level 1.2 Crossbows
 + Level 2.8 Throwing
 + Level 2.8 Armour
 + Level 4.7 Dodging
 + Level 1.2 Stealth
 + Level 1.2 Shields
 + Level 1.2 Unarmed Combat
 + Level 5.1 Spellcasting
 + Level 1.0 Conjurations
 + Level 1.0 Hexes
 + Level 1.0 Summonings
 + Level 1.0 Necromancy
 + Level 5.5 Translocations
 + Level 1.0 Transmutations
 + Level 1.0 Fire Magic
 + Level 1.0 Ice Magic
 + Level 1.0 Air Magic
 + Level 1.0 Earth Magic
 + Level 1.0 Poison Magic
 + Level 1.4 Invocations
 + Level 1.2 Evocations


You had 11 spell levels left.
You knew the following spells:

 Your Spells              Type           Power        Failure   Level
a - Blink                 Tloc           N/A          2%          2

Your spell library contained the following spells:

 Spells                   Type           Power        Failure   Level
 Gell's Gravitas          Tloc           ###.......   4%          3
 Lesser Beckoning         Tloc           ###.......   4%          3
 Teleport Other           Tloc           ###.....     4%          3
 Passage of Golubria      Tloc           N/A          16%         4


Dungeon Overview and Level Annotations

Branches:
Dungeon (3/15)

Altars:


Innate Abilities, Weirdness & Mutations

Your experience applies equally to all skills.
You have very sharp teeth.
Your uncanny sense of smell can sniff out nearby items.


Message History

You hit the gnoll but do no damage. You bite the gnoll.
The gnoll is heavily wounded.
The gnoll hits you with a +0 whip.
You hit the gnoll but do no damage.
The gnoll is heavily wounded.
The gnoll closely misses you.
You hit the gnoll.
The gnoll is almost dead.
You hit the gnoll but do no damage.
The gnoll is almost dead.
The gnoll hits you with a +0 whip!
* * * LOW HITPOINT WARNING * * *
You barely miss the gnoll.
The gnoll is almost dead.
The gnoll hits you with a +0 whip.
* * * LOW HITPOINT WARNING * * *
You closely miss the gnoll.
The gnoll is almost dead.
The gnoll hits you with a +0 whip.
You die...

#.# #.###.. ..
######$#.#..... .##
...b..<..g..... ..
..####.#.##... .#
#g# # #.####.#
..#.###......#
#.##.(((......#
...((..<.###g##.###.
#.####...# #@.>.....
.. ....$# #.##.####
####..# #.# # #...
..# #..###.# #..#
#.# ∆.... #.# #.#


You could see a gnoll.

Vanquished Creatures
  A worker ant (D:2)
  A gnoll (D:3)
  3 adders (D:2)
  2 worms (D:2)
  A dart slug (D:1)
  2 leopard geckos (D:1)
  A ball python (D:1)
  3 giant cockroaches
  6 goblins
  5 hobgoblins
  2 quokkas (D:2)
  5 bats
  3 frilled lizards
  7 kobolds
  3 rats (D:2)
45 creatures vanquished.

Notes
Turn   | Place    | Note
-------+----------+-------------------------------------------
     0 | D:1      | jiml777 the Gnoll Warper began the quest for the Orb.
     0 | D:1      | Reached XP level 1. HP: 20/20 MP: 6/6
   232 | D:1      | Reached XP level 2. HP: 26/26 MP: 7/7
   271 | D:1      | Learned a level 2 spell: Blink
   890 | D:1      | Reached XP level 3. HP: 24/31 MP: 9/9
  1100 | D:2      | Reached skill level 5 in Spellcasting
  1541 | D:2      | Reached skill level 1 in Invocations
  1858 | D:2      | Reached skill level 1 in Short Blades
  1858 | D:2      | Reached skill level 1 in Long Blades
  1858 | D:2      | Reached skill level 1 in Axes
  1858 | D:2      | Reached skill level 1 in Maces & Flails
  1858 | D:2      | Reached skill level 1 in Staves
  1858 | D:2      | Reached skill level 1 in Slings
  1858 | D:2      | Reached skill level 1 in Bows
  1858 | D:2      | Reached skill level 1 in Crossbows
  1858 | D:2      | Reached skill level 1 in Stealth
  1858 | D:2      | Reached skill level 1 in Shields
  1858 | D:2      | Reached skill level 1 in Unarmed Combat
  1858 | D:2      | Reached skill level 1 in Evocations
  1858 | D:2      | Reached XP level 4. HP: 21/38 MP: 11/11
  2394 | D:2      | Reached skill level 1 in Conjurations
  2394 | D:2      | Reached skill level 1 in Hexes
  2394 | D:2      | Reached skill level 1 in Summonings
  2394 | D:2      | Reached skill level 1 in Necromancy
  2394 | D:2      | Reached skill level 1 in Transmutations
  2394 | D:2      | Reached skill level 1 in Fire Magic
  2394 | D:2      | Reached skill level 1 in Ice Magic
  2394 | D:2      | Reached skill level 1 in Air Magic
  2394 | D:2      | Reached skill level 1 in Earth Magic
  2394 | D:2      | Reached skill level 1 in Poison Magic
  3137 | D:3      | Slain by a gnoll

Illustrated notes

Levels and vault maps discovered:
D:1:      scummos_arrival_forest, layout_basic, grunt_decor_one_mirror
D:2:      layout_loops_corners, kennysheep_boxes
D:3:      kennysheep_goblin_castle, layout_loops_ring, old_standard_altar

Skill      XL: |  1  2  3  4 |
---------------+-------------+-----
Spellcasting   | 5 |  5.1
Invocations    | 1 |  1.4
Short Blades   | 1 |  1.2
Long Blades    | 1 |  1.2
Axes           | 1 |  1.2
Maces & Flails | 1 |  1.2
Staves         | 1 |  1.2
Slings         | 1 |  1.2
Bows           | 1 |  1.2
Crossbows      | 1 |  1.2
Stealth        | 1 |  1.2
Shields        | 1 |  1.2
Unarmed Combat | 1 |  1.2
Evocations     | 1 |  1.2
Conjurations   | 1 |  1.0
Hexes          | 1 |  1.0
Summonings     | 1 |  1.0
Necromancy     | 1 |  1.0
Transmutations | 1 |  1.0
Fire Magic     | 1 |  1.0
Ice Magic      | 1 |  1.0
Air Magic      | 1 |  1.0
Earth Magic    | 1 |  1.0
Poison Magic   | 1 |  1.0
Fighting       | |  4.7
Polearms       | |  4.7
Throwing       | |  2.8
Armour         | |  2.8
Dodging        | |  4.7
Translocations | |  5.5

Action                   |  1- 3 |  4- 6 || total
-------------------------+-------+-------++-------
Melee: Spear             |   161 |    62 ||   223
       Bite              |    19 |     7 ||    26
Throw: Dart              |       |     5 ||     5
 Stab: Sleeping          |     3 |       ||     3
Armor: Plate armour      |     5 |       ||     5
       Leather armour    |     4 |       ||     4
       Robe              |    26 |    10 ||    36
Dodge: Dodged            |    93 |    40 ||   133

Table legend: (Time is in decaauts)
 A = Elapsed time spent in this place.
 B = Non-inter-level travel time spent in this place.
 C = Inter-level travel time spent in this place.
 D = Time resting spent in this place.
 E = Time spent auto-exploring this place.
 F = Levels seen in this place.
 G = Mean time per level.
                   A        B        C        D        E       F      G
               +--------+--------+--------+--------+--------+-----+--------+
         Total |   3109 |   3072 |     37 |    971 |   1410 |   3 | 1036.3 |
       Dungeon |   3109 |   3072 |     37 |    971 |   1410 |   3 | 1036.3 |
               +--------+--------+--------+--------+--------+-----+--------+

Top non-repeatable levels by time:
     D:2: 1993 daAuts
     D:1: 1081 daAuts
     D:3: 34 daAuts
